 Dungeon Crawl Stone Soup version 0.28.0-43-g3370ac3207 (webtiles) character file.

Game seed: 18109895306265256147

86 issech the Cudgeller (level 4, 0/45 HPs)
             Began as a Troll Monk on Mar 27, 2022.
             Succumbed to Sigmund's poison
             ... on level 3 of the Dungeon.
             The game lasted 00:05:23 (1787 turns).

issech the Cudgeller (Troll Monk)                   Turns: 1787, Time: 00:05:24

Health: 0/45       AC:  5    Str: 19    XL:     4   Next: 26%
Magic:  3/3        EV: 10    Int:  6    God:
Gold:   71         SH:  0    Dex: 14    Spells: 3/3 levels left

rFire   . . .      SeeInvis .   a - +0 mace
rCold   . . .      Faith    .   (no shield)
rNeg    . . .      Spirit   .   u - +0 animal skin
rPois   .          Reflect  .   x - +0 hat
rElec   .          Harm     .   q - +0 cloak
rCorr   .          Rampage  .   (gloves unavailable)
Will    .....                   (boots unavailable)
Stlth   ++........              (no amulet)
HPRegen 0.95/turn               i - ring of flight
MPRegen 0.08/turn               (no ring)

@: lethally poisoned (0 -> -17), flying
A: large, unfitting armour, claws 3, regeneration 1, shaggy fur 1, tough skin 1
a: no special abilities


You were on level 3 of the Dungeon.
You visited 1 branch of the dungeon, and saw 3 of its levels.

You collected 71 gold pieces.

Inventory:

Hand Weapons
 a - a +0 mace (weapon)
 h - a +1 vampiric dagger
 s - a +2 dagger of electrocution
 t - a +0 hunting sling
 A - a +2 short sword of protection
Missiles
 e - 29 arrows
 f - 132 stones (quivered)
 j - 33 sling bullets
 m - 10 bolts
Armour
 b - a +0 robe
 q - a +0 cloak (worn)
 u - a +0 animal skin (worn)
 x - a +0 hat (worn)
Jewellery
 i - a ring of flight (left claw)
Scrolls
 d - a scroll of immolation {unknown}
 n - 4 scrolls of fear {unknown}
 o - 4 scrolls of identify {unknown}
 v - a scroll of summoning {unknown}
 w - a scroll of amnesia {unknown}
 y - a scroll of teleportation {unknown}
 z - a scroll of noise {unknown}
Potions
 c - a potion of heal wounds {unknown}
 g - a potion of ambrosia {unknown}
 k - a potion of magic {unknown}
 l - a potion of degeneration {unknown}
 p - 2 potions of brilliance {unknown}
 r - 2 potions of curing {unknown}


   Skills:
 + Level 3.1 Fighting
 + Level 3.6 Maces & Flails
 + Level 2.8 Dodging
 + Level 1.2 Stealth


You had 3 spell levels left.
You didn't know any spells.
Your spell library was empty.

Dungeon Overview and Level Annotations

Branches:
Dungeon (3/15)

Altars:

Annotations:
D:3 Sigmund


Innate Abilities, Weirdness & Mutations

You are too large for most types of armour.
You have claws for hands.
Your natural rate of healing is unusually fast.
You are covered in fur. (AC +1)
You have tough skin. (AC +1)


Message History

Sigmund is wielding a +4 scythe of venom.
Sigmund shouts!
You hear a shout!
Found 15 gold pieces.
Found a stone staircase leading down.
An orc comes into view. It is wielding a +0 flail.
There is an open door here.
Sigmund barely misses you.
You hit Sigmund but do no damage. You claw Sigmund.
Sigmund is lightly wounded.
Sigmund closely misses you.
You hit Sigmund but do no damage.
Sigmund is lightly wounded.
Sigmund casts a spell.
Sigmund flickers and vanishes!
Deactivating autopickup; reactivate with Ctrl-A.
You barely miss something. Something hits you.
You closely miss something. Something hits you!
You are poisoned.
You barely miss something.
You feel very sick.
The rat twitches its whiskers.
You hit something but do no damage.
You feel sick. Something hits you.
You are more poisoned.
You barely miss something.
You feel very sick. Something hits you.
You are more poisoned.
You barely miss something.
You feel very sick. Something hits you!
You are lethally poisoned!
You miss something.
* * * LOW HITPOINT WARNING * * *
You feel extremely sick. Something hits you.
* * * LOW HITPOINT WARNING * * *
You are more poisoned.
* * * LOW HITPOINT WARNING * * *
You feel extremely sick.
There is an open door here.
You die...

#.# #+ #.######## #
##.##+#........ .# .
.........#...# ..# .
#.......#...# ...# .
#.......#...# ....#
.#####.......#...###r....#
.....'.......'..@'.{o.$...
#.#.##.......#...####...##
#.#.##.......#....# ##
....##########.....# .#.##
###..... .#[# .##.##. .#.#
# ..# # .#.# #.. .#.#


You could see an orc and a rat.

Vanquished Creatures
  Robin (D:2)
  An adder (D:2)
  3 orcs (D:3)
  3 bats
  4 endoplasms
  5 giant cockroaches
  13 goblins
  8 hobgoblins (D:2)
  3 quokkas
  A ball python (D:1)
  2 frilled lizards (D:2)
  6 kobolds
  6 rats
56 creatures vanquished.

Vanquished Creatures (others)
  4 plants (D:1)
4 creatures vanquished.

Grand Total: 60 creatures vanquished

Notes
Turn   | Place    | Note
-------+----------+-------------------------------------------
     0 | D:1      | issech the Troll Monk began the quest for the Orb.
     0 | D:1      | Reached XP level 1. HP: 22/22 MP: 0/0
   205 | D:1      | Reached XP level 2. HP: 25/29 MP: 1/1
  1078 | D:2      | Noticed Robin
  1086 | D:2      | Killed Robin
  1087 | D:2      | Reached XP level 3. HP: 36/36 MP: 2/2
  1300 | D:2      | Reached XP level 4. HP: 25/45 MP: 3/3
  1774 | D:3      | Noticed Sigmund
  1787 | D:3      | Succumbed to Sigmund's poison

Illustrated notes

Levels and vault maps discovered:
D:1:      eino_arrival_druids_welcome, layout_loops_ring, serial_bayou_lake_a
D:2:      layout_loops_ring, kennysheep_generic_room_15, uniq_robin
D:3:      wad_crossroads, layout_basic, minmay_misc_feat_nine_boxes,
          fountainhead, uniq_sigmund

Skill      XL: |  1  2  3 |
---------------+----------+-----
Maces & Flails | 3 |  3.6
Fighting       | 3 |  3.1
Dodging        | |  2.8
Stealth        | |  1.2

Action                   |  1- 3 |  4- 6 || total
-------------------------+-------+-------++-------
Melee: Mace              |   144 |    29 ||   173
       Punch             |     3 |     2 ||     5
Armor: Robe              |    46 |       ||    46
       Animal skin       |    13 |     5 ||    18
Dodge: Dodged            |    71 |    18 ||    89
